AoeStats
← Sir Knight 999

Black Forest

509544202Analyzed
3v3 RM · 4d ago on Sep 27, 2026· 21m 40s· 6 players
Game mode
Random Map
Map size
Normal (6 player)
Population
200
Speed
Normal
Resources
Standard
Victory
Conquest
Starting age
Dark Age
Ending age
Imperial Age
RankedLock teamsTeams togetherTeam positionsShared explorationLock speedFull tech treeHidden civsTurbo modeCheats
Victory
Defeat
🇨🇳 Turks · China
744
+15
🇮🇳 Franks · India
672
+18
🇺🇸 Saxons · United States
654
+19
🇺🇸 Khmer · United States
798
-20
🇺🇸 Huns · United States
696
-30
🇺🇸 Celts · United States
687
-16
Sir Knight3704
1:48 Loom
22:52 Feudal Age
Sir Knight 999
0:27 Loom
JP Captain
0:28 Loom
13:42 Feudal Age
20:31 Castle Age
21:28 Stone Mining
ALT1221
1:04 Loom
18:47 Feudal Age
20:29 Fletching
General Shane
0:59 Loom
14:08 Feudal Age
16:32 Double-Bit Axe
17:30 Forging
龙吟凤舞
3:18 Loom
13:30 Feudal Age
17:40 Castle Age
17:29 Wheelbarrow
16:45 Double-Bit Axe
16:54 Horse Collar
20:36 Bow Saw
21:11 Heavy Plow
21:42 Hand Cart
21:13 Town Watch
Connection lost

Rejoining the realm…

Still unreachable

The connection could not be restored.

Session expired

The server has moved on; the page needs a fresh start.